Arrhythmia, chaotic female vampiric Convict --------------------------------- ------ |...........................@.@.| ##.....| | ------------.. ------------@| |.<..| | |(( |...|.| ##.....| | |]( ...|.| -|---- |.. .. ..|.| ## --+-.... -----|----|-.| # | -+--- ---.....................|# ### ..............{......{..........|# # | -+----- - ---- -......%..).|#########%%##### | -----+---..# -----.---+-- |.| |...%......| |.| |..........| |.| |..........| -.| |.......>..| .| |..........| --- ------------ Arrhythmia the Jail-bird Experience level: 8 Strength: 12 Dexterity: 10 Constitution: 19 Intelligence: 15 Wisdom: 14 Charisma: 7 Health: 0(90) Energy: 60(60) AC: -2 Gold: 1241 Moves: 3654 Your Inventory: Coins $ - 1241 gold pieces Amulets P - an [uncursed] oval amulet [of reflection] Weapons u - an uncursed [+1] crude dagger [orcish] C - 6 [blessed +1] darts [of frost] Armor c - an [uncursed +0] hard hat [dwarvish iron helm] q - a cursed +0 iron skull cap [orcish helm] (being worn) E - an [uncursed] +0 elven mithril-coat (being worn) J - an [uncursed] +0 hooded cloak [dwarvish] (being worn) K - a [blessed] +2 pair of hard shoes [iron] (being worn) V - an [uncursed +0] hard hat [dwarvish iron helm] W - an [uncursed +0] hooded cloak [dwarvish] X - a cursed +0 large round shield [dwarvish roundshield] (being worn) Comestibles r - an [uncursed] food ration v - 2 [uncursed] cloves of garlic Potions i - an uncursed potion of paralysis x - an uncursed potion of blindness Rings L - an [uncursed] opal ring [of shock resistance] M - a cursed -2 ring of gain dexterity U - a cursed ring of sustain ability Wands j - an uncursed short wand [of probing (0:7)] Tools a - an [uncursed wax] candle g - an uncursed stethoscope k - an [uncursed] bag of tricks [0:2] N - 6 [uncursed tallow] candles S - an [uncursed] +0 pick-axe (weapon in hand) T - an [uncursed oil] lamp (lit) Z - an [uncursed] towel Gems b - 3 [uncursed] violet gems [worthless glass] e - 3 uncursed orange gems [worthless glass] z - an [uncursed] black gem [jet] D - an [uncursed] red gem [worthless glass] H - an [uncursed] green gem [worthless glass] I - an [uncursed] yellowish brown gem [worthless glass] Q - an [uncursed] black gem [worthless glass] R - an [uncursed] white gem [worthless glass] Spells known in the end: Name Level Category Fail Memory a - cure sickness 3 healing 100% [||||||||] Your skills at the end: Fighting Skills Weapon Skills sling [Basic / Skilled] Spellcasting Skills Final Attributes: You were piously aligned. Hunger level was 814. Your alignment was 27 / 28. Monster difficulty range was 1 - 8. Level difficulty was 8. You were immune to poison. You were immune to level-drain. You were immune to sickness. You could fly. You could survive without air. You regenerated. Your luck was zero. You are dead. Vanquished creatures: a large cat 2 watchmen a giant spider a yeti a dog a dingo 2 dust vortices a snake 2 human zombies 2 snow ants a rock mole 7 gnome lords 2 gnomish wizards a red naga hatchling 3 elf zombies 6 dwarves 2 hill orcs 3 rothes 2 centipedes 2 giant bats 2 dwarf zombies 2 iguanas an acid blob a coyote 2 gas spores 3 hobbits 2 manes 2 hobgoblins 4 giant rats 2 cave spiders 3 brown molds a yellow mold a green mold a red mold 39 gnomes a gecko 3 jackals a fox 2 kobolds 2 goblins 4 grid bugs a bat 2 lichens a kobold zombie 4 newts 130 creatures vanquished. Voluntary challenges: You went without food. You used a wielded weapon 134 times. You read items or engraved 146 times. You put on armor 12 times. You never genocided any monsters. You never polymorphed an object. You never changed form. You used no wishes. You wrote Elbereth's name 88 times. You never encountered a bones level. You never used any Sokoban shortcuts. Dungeon overview: The Dungeons of Doom: levels 1 to 4 Level 1 a long staircase Level 2 a fountain Level 3 an altar to Tymora, a fountain Level 4 a fountain stairs to The Gnomish Mines The Gnomish Mines: levels 5 to 8 Level 5 stairs to The Dungeons of Doom Level 8 <- You were here a lighting shop, some fountains History has recorded: On T:1 you entered the Dungeons of Doom to retrieve the Amulet of Yendor! On T:620 you reached level 2 of The Dungeons of Doom. On T:762 you advanced to experience level 2. On T:926 you reached level 3 of The Dungeons of Doom. On T:988 you advanced to experience level 3. On T:1310 you reached level 4 of The Dungeons of Doom. On T:1434 you advanced to experience level 4. On T:1513 you advanced to experience level 5. On T:1933 you advanced to experience level 6. On T:2127 you reached level 1 of The Gnomish Mines. On T:2346 you advanced to experience level 7. On T:2447 you reached level 2 of The Gnomish Mines. On T:2893 you reached level 3 of The Gnomish Mines. On T:3155 you advanced to experience level 8. On T:3547 you reached level 4 of The Gnomish Mines. Latest messages: [HP+1=29] [HP+1=30] [HP+1=31] [HP+1=32] [HP+1=33] The watchman zaps a wand of cold! The bolt of cold hits you! The bolt of cold bounces! [HP-15=18] You miss the watchman. (2x) The watchman thrusts his short sword. The watchman hits! [HP-7=11] As you read the scroll, it disappears. This is an identify scroll. x - an uncursed potion of blindness. i - an uncursed potion of paralysis. M - a cursed -2 ring of gain dexterity. U - a cursed ring of sustain ability. The watch captain wields a silver saber! The watchman thrusts his short sword. The watchman hits! You die... Final status: Goodbye Arrhythmia the Convict... You died in The Gnomish Mines on dungeon level 8 with 5593 points, and 1241 pieces of gold, after 3654 moves. You were level 8 with a maximum of 90 hit points when you died.